← All builds
Front / Armada / Economy first / OBSERVED BUILD

Standard front

Armada Front build order · Supreme Isthmus

Standard economy-first Front play: Bot Lab and Vehicle Plant up immediately, units trickle to the coast and middle, with an Advanced Metal Extractor around 9:00 as the eco transition.

#eco · 1699 distinct matches · 247 players · 74% of Armada Front games · team won 61% of 1993 · Recently observed

HOW TO PLAY IT

Key timing: T2 constructor by 7:43

  1. Open mex and wind, drop Bot Lab and Vehicle Plant almost immediately.
  2. Pump Blitz, Rocketeer and Pawn to the coast to stop leaks first.
  3. Add Centurion and Janus once first units are moving up.
  4. Form units into a line pushing toward middle as numbers grow.
  5. Upgrade to Advanced Metal Extractor as the economy transition kicks in.

Phase by phase

TYPICAL OF ITS 1699 GAMES
  1. 1
  2. 2
  3. 3
PLAY THE OPENING

Follow the example game's first 6:00 step by step: what to build now, what comes next, and where it goes. At 1× it keeps pace with your own game.

  1. 1

    Up to the Bot Lab

    Economy
    • Metal Extractor2Mex
    Order
    1. Bot LabBot Lab after 2 mex, 1 winddone ~0:44, middle half 0:33–0:54

    Some games also: wind (48%) · Vehicle Plant (35%)

    By 0:28 in all: 2 mex

    The example game in this phase · 3 steps
    1. Mex ×2
    2. Wind ×2
    3. Bot LabBot Labdone 0:45 · typical 0:44
  2. 2

    Bot Lab to 5:00

    Economy
    • Metal Extractor4Mex
    • Wind Turbine3Wind
    Builders
    • Construction Bot1 Con bot
    Army
    • Sentry1 Sentry
    • Rocketeer6 Rocketeer

    Some games also: Lazarus (49%) · tick (46%) · centurion (40%) · con vehicle (32%) · janus (32%)

    By 5:00 in all: 6 mex · 6 wind

    The example game in this phase · 28 steps
    1. TickTick ×3
    2. Mex
    3. TickTick
    4. Construction BotCon bot
    5. LazarusLazarus
    6. TickTick ×2
    7. LazarusLazarus
    8. Construction BotCon bot ×2
    9. RocketeerRocketeer ×2
    10. TickTick ×2
    11. Mex
    12. TickTick
    13. RocketeerRocketeer ×3
    14. Mex
    15. RocketeerRocketeer
    16. Mex
    17. Radar TowerRadar Tower
    18. RocketeerRocketeer ×4
    19. Mex
    20. RocketeerRocketeer
    21. CenturionCenturion
    22. SentrySentry ×2
    23. RocketeerRocketeer ×2
    24. SentrySentry
    25. RocketeerRocketeer ×3
    26. LazarusLazarus
    27. SentrySentry ×2
    28. RocketeerRocketeer ×6
  3. 3

    5:00 to 10:00

    Economy
    • Metal Extractor1Mex
    • Wind Turbine14Wind
    Builders
    • Construction Turret2 Con turret
    Army
    • Sentry1 Sentry

    Some games also: rocketeer (46%) · energy storage (43%) · Lazarus (38%) · con bot (37%) · Radar Tower (36%)

    By 10:00 in all: 7 mex · 24 wind · 1 energy storage · 3 con turret

    The example game in this phase · 150 steps
    1. RocketeerRocketeer ×2
    2. Dragon's TeethDragon's Teeth ×2
    3. RocketeerRocketeer
    4. Dragon's TeethDragon's Teeth ×3
    5. RocketeerRocketeer
    6. Dragon's TeethDragon's Teeth ×3
    7. LazarusLazarus
    8. Dragon's TeethDragon's Teeth ×3
    9. RocketeerRocketeer
    10. Dragon's TeethDragon's Teeth
    11. RocketeerRocketeer ×9
    12. CenturionCenturion
    13. Construction BotCon bot ×2
    14. CenturionCenturion ×4
    15. Wind ×2
    16. CenturionCenturion
    17. Wind
    18. Advanced Metal ExtractorT2 mexdone 9:34 · typical 9:01
    19. Wind ×4
    20. Con turret
    21. Solar
    22. Wind ×3
    23. Construction BotCon bot
    24. Advanced Metal ExtractorT2 mex
    25. Wind
    26. Construction BotCon bot
    27. Wind ×2
    28. Advanced Metal ExtractorT2 mex
    29. Construction BotCon bot
    30. Wind ×4
    31. Construction BotCon bot
    32. Wind ×7
    33. Advanced Metal ExtractorT2 mex
    34. Wind
    35. Con turret
    36. Construction BotCon bot
    37. Wind ×4
    38. Construction BotCon bot
    39. Wind ×2
    40. Construction BotCon bot
    41. Wind ×3
    42. Construction BotCon bot
    43. Wind ×2
    44. PawnPawn
    45. BeamerBeamer ×2
    46. PawnPawn
    47. Wind
    48. PawnPawn
    49. Con turret ×2
    50. PawnPawn ×2
    51. Vehicle PlantVehicle Plantdone 12:39 · typical 0:47
    52. Energy storage
    53. PawnPawn ×3
    54. BlitzBlitz
    55. Wind
    56. PawnPawn
    57. Wind
    58. BeamerBeamer
    59. Radar TowerRadar Tower
    60. BlitzBlitz
    61. PawnPawn
    62. Wind
    63. PawnPawn
    64. BlitzBlitz
    65. BeamerBeamer
    66. Wind ×2
    67. PawnPawn
    68. BlitzBlitz
    69. Wind ×2
    70. PawnPawn
    71. BlitzBlitz
    72. Wind ×2
    73. PawnPawn
    74. BlitzBlitz
    75. Wind ×3
    76. PawnPawn
    77. Wind
    78. BlitzBlitz
    79. Wind ×3
    80. PawnPawn
    81. BlitzBlitz
    82. Wind ×2
    83. PawnPawn
    84. Wind
    85. BlitzBlitz
    86. Wind ×2
    87. PawnPawn
    88. Wind
    89. BlitzBlitz
    90. Wind ×3
    91. Converter
    92. PawnPawn
    93. Wind
    94. BlitzBlitz
    95. PawnPawn
    96. Wind ×2
    97. BlitzBlitz
    98. PawnPawn
    99. Converter
    100. Wind ×3
    101. BlitzBlitz
    102. Wind
    103. PawnPawn
    104. Wind ×2
    105. BlitzBlitz
    106. Con turret
    107. PawnPawn
    108. Wind ×3
    109. BlitzBlitz
    110. Converter
    111. PawnPawn ×2
    112. BlitzBlitz
    113. Wind ×2
    114. PawnPawn
    115. Wind ×2
    116. BlitzBlitz
    117. PawnPawn
    118. Wind ×2
    119. Converter
    120. PawnPawn
    121. Wind
    122. BlitzBlitz
    123. PawnPawn
    124. Fortification WallFortification Wall
    125. Wind
    126. BlitzBlitz
    127. Wind
    128. Fortification WallFortification Wall ×2
    129. Wind
    130. PawnPawn
    131. Wind
    132. Converter
    133. BlitzBlitz
    134. Fortification WallFortification Wall
    135. Wind
    136. Fortification WallFortification Wall
    137. PawnPawn
    138. Fortification WallFortification Wall
    139. BlitzBlitz
    140. PawnPawn
    141. Wind
    142. Fortification WallFortification Wall
    143. Wind ×2
    144. Fortification WallFortification Wall
    145. Wind
    146. Converter
    147. BlitzBlitz
    148. PawnPawn
    149. Wind ×2
    150. PawnPawn

Counts are medians over the build's games: half of them build more, half fewer. The example game is NEXUS_VI's (33 OS, 28/09/2026); pick another.

Team trades

IN AT LEAST 30% OF ITS GAMES

You hand over

Nothing regular.

You get

  • Tidal Generator4 Tidal from Pondfirst at 0:17 · in 68% of games
  • Advanced Construction Bot1 T2 con bot from Geo or Techfirst at 7:23 · in 64% of games

How it plays out

Typical game of this build, running totals by minute

Metal produced

010k20k30k
0:005:0010:0015:00

metal

Enemy metal destroyed

05k10k
0:005:0010:0015:00

metal

Own metal lost

05k10k
0:005:0010:0015:00

metal

1993 games.

Show as table
ByMetal produced: This buildEnemy metal destroyed: This buildOwn metal lost: This build
1:0033300
2:008402131
3:001618135108
4:002699522333
5:0038471127787
6:00503519231427
7:00624927142302
8:00753435443173
9:00897343264069
10:001053850054807
11:001237355335547
12:001452759766408
13:001685764686999
14:001922071637826
15:002185478688687
WHAT THE NUMBERS SAY

Standard Front play wins more often than Suicide front and produces more metal by 15:00 while losing less of it.

  • + Metal produced reaches 22627 by 15:00, well above Suicide front's 20142.
  • + Own metal lost is 8944 by 15:00, lower than enemy metal destroyed ratio of Suicide front.
  • − First unit lost already at 1:43, showing exposure despite the safer position.
  • − Blitz dominates army share at 25%, leaving fewer Centurion for anti-swarm.
THE EXAMPLE YOU ARE READING

NEXUS_VI

32.8 OS · 28/09/2026

Open source match ↗

6 received units · includes a constructor
184 metal received · 6835 energy received

Allied construction assistance is unknown. Timings are observations, not a promise of solo reproducibility.

Typical milestones

Bot Lab0:44Middle 50%: 0:33–0:54 · n=1331
Vehicle Plant0:47Middle 50%: 0:41–1:14 · n=1285
Advanced Metal Extractor9:01Middle 50%: 8:09–10:15 · n=1563

Played most by

haaven107games of this buildHummell107games of this buildLeohvm93games of this buildTheGeneraI75games of this buildXad69games of this build
Standard front · Armada Front build order · BAR Build Atlas